 Dungeon Crawl Stone Soup version 0.22.0 (webtiles) character file.

4603 KnightedAnt the Envoy of Void (level 10, 0/80 HPs)
             Began as a Formicid Abyssal Knight on Oct 29, 2018.
             Was a High Priest of Lugonu.
             Slain by a worker ant (2 damage)
             ... summoned by a wight
             ... on level 8 of the Dungeon.
             The game lasted 00:19:18 (11478 turns).

KnightedAnt the Envoy of Void (FoAK)               Turns: 11478, Time: 00:19:19

Health: 0/80       AC: 13    Str: 20    XL:     10   Next: 69%
Magic:  6/16       EV: 10    Int: 12    God:    Lugonu [*****.]
Gold:   444        SH:  0    Dex: 10    Spells: 9/9 levels left

rFire    . . .     SeeInvis +   a - +1 mace
rCold    . . .     Gourm    .   (no shield)
rNeg     . . .     Faith    +   x - +0 chain mail
rPois    .         Spirit   .   (helmet unavailable)
rElec    .         Reflect  .   y - +0 cloak
rCorr    .         Harm     .   (no gloves)
MR       +....                  D - +0 pair of boots
Stlth    ..........             o - amulet of faith
HPRegen  0.23/turn              m - +5 ring of slaying
MPRegen  0.15/turn              (no ring)

@: lethally poisoned (0 -> -3), drained
A: permanent stasis, dig shafts and tunnels, four strong arms, antennae 3
a: Dig, Shaft Self, Depart the Abyss, Bend Space, Banish, Corrupt, Enter the
Abyss, Renounce Religion


You were on level 8 of the Dungeon.
You worshipped Lugonu.
Lugonu was extremely pleased with you.
You were very hungry.

You visited 1 branch of the dungeon, and saw 8 of its levels.
You visited the Abyss 1 time.

You collected 444 gold pieces.

Inventory:

Hand Weapons
 a - a +1 mace (weapon)
Missiles
 f - 174 stones (quivered)
 l - 3 poisoned javelins
 w - 2 tomahawks
 A - 11 sling bullets
Armour
 x - a +0 chain mail (worn)
 y - a +0 cloak (worn)
 B - a +0 ring mail of poison resistance
 D - a +0 pair of boots (worn)
Jewellery
 b - a +4 amulet of reflection {unknown}
 m - a +5 ring of slaying (left hand)
 o - an amulet of faith (around neck)
 z - an uncursed amulet of rage {unknown}
Wands
 H - a wand of acid (10)
Scrolls
 d - a scroll of magic mapping {unknown}
 e - 2 scrolls of enchant armour {unknown}
 h - 3 scrolls of remove curse {unknown}
 i - 4 scrolls of teleportation {unknown}
 n - 7 scrolls of identify {unknown}
 s - a scroll of fear {unknown}
 C - 2 scrolls of enchant weapon {unknown}
 E - a scroll of amnesia {unknown}
Potions
 g - 2 potions of agility
 k - a potion of might
 q - a potion of curing
 r - a potion of invisibility {unknown}
 t - a potion of haste
 u - 3 potions of flight {unknown}
 F - a potion of mutation {unknown}
Comestibles
 c - 15 rations
 j - 5 chunks of flesh


   Skills:
 + Level 8.0(7.3) Fighting
 + Level 7.0(6.4) Maces & Flails
 + Level 7.6(7.0) Armour
 + Level 6.1(5.5) Dodging
 + Level 8.3(7.7) Invocations


You had 9 spell levels left.
You didn't know any spells.
Your spell library contained the following spells:

 Spells                   Type           Power        Failure   Level  Hunger
 Sublimation of Blood     Necr           #.........   99%         2    ###....
 Ignite Poison            Fire/Tmut/Pois #.......     100%        3    ####...
 Alistair's Intoxication  Tmut/Pois      #.......     100%        5    ######.
 Petrify                  Tmut/Erth      #.......     100%        4    #####..
 Irradiate                Conj/Tmut      #.........   100%        5    ######.


Dungeon Overview and Level Annotations

Branches:
Dungeon (8/15)             Temple (0/1) D:5            Lair (0/6) D:8

Altars:
Ashenzari
Cheibriados
Dithmenos
Fedhas
Hepliaklqana
Nemelex Xobeh
Qazlal
Sif Muna
Wu Jian

Shops:
D:4 }


Innate Abilities, Weirdness & Mutations

You cannot be hasted, slowed, berserked, paralysed or teleported.
You can dig through walls and to a lower floor.
Your four strong arms can wield two-handed weapons with a shield.
You have a pair of large antennae on your head. (SInv)


Message History

You extend your mandibles.
You dig through the rock wall.
The worker ant bites you but does no damage.
The wight hits you with a dire flail!
* * * LOW HITPOINT WARNING * * *
You feel drained.
You dig through the rock wall.
You dig through the rock wall.
The worker ant bites you.
* * * LOW HITPOINT WARNING * * *
You are lethally poisoned!
The worker ant poisons you!
You dig through the rock wall.
* * * LOW HITPOINT WARNING * * *
You feel sick.
You retract your mandibles.
* * * LOW HITPOINT WARNING * * *
You feel sick.
The shadow imp lashes its tail.
The worker ant bites you.
You die...

####)# #..# #.#..... ###.###..###
##....### ##.......$#.###...#...#
#.# #.....#..........##...# #.#
....#..)#..a####.#....#########.#
...##.....{## #.........#......#
..รท......{{#####..#.............#
...##...{#{##z.a.................
.........#.#.###@<...............
....##..##..5.z................<.
...###..#########................
...# #... #...................
#### #.#.# #.<................#
..#.# #...........#.....##
#.......######...## #.......#
###..## #.......# ##.....


You could see a worker ant, 2 wights and a shadow imp.

Vanquished Creatures
  Erica (D:8)
  A troll (D:7)
  Grinder (D:4)
  A water moccasin (D:7)
  Duvessa (D:6)
  An orc warrior (D:6)
  2 ice beasts (D:6)
  3 necrophages (D:7)
  6 ogres
  2 phantoms
  2 centaurs (D:7)
  2 big kobolds (D:7)
  4 bullfrogs
  Dowan (D:6)
  A wyvern skeleton (D:6)
  4 killer bees (D:7)
  A scorpion (D:4)
  2 wights (D:7)
  A howler monkey (D:7)
  A crimson imp (D:6)
  4 hounds
  5 orc wizards
  A jelly (D:7)
  3 orc priests
  An iguana (D:7)
  2 bullfrog skeletons
  Ijyb (D:3)
  Natasha (thrice) (D:4)
  5 worker ants
  2 hound zombies (D:7)
  A hound skeleton (D:6)
  2 mummies (D:7)
  A worker ant zombie (D:5)
  17 adders
  2 worms
  A dart slug (D:1)
  3 leopard geckos
  23 orcs
  A ball python (D:3)
  10 bats
  3 giant cockroaches
  7 goblins
  10 hobgoblins
  19 jackals
  6 quokkas
  7 frilled lizards
  21 kobolds
  A leopard gecko skeleton (D:4)
  A leopard gecko zombie (D:5)
  2 quokka skeletons
  3 rats
206 creatures vanquished.

Vanquished Creatures (others)
  2 fungi (D:6)
  2 plants (D:6)
4 creatures vanquished.

Grand Total: 210 creatures vanquished

Notes
Turn   | Place    | Note
-------+----------+-------------------------------------------
     0 | Abyss:1  | KnightedAnt the Formicid Abyssal Knight began the quest for the Orb.
     0 | Abyss:1  | Reached XP level 1. HP: 18/18 MP: 2/2
    25 | Abyss:1  | Noticed a large abomination
    26 | D:1      | Escaped the Abyss
    99 | D:1      | Reached skill level 1 in Dodging
   105 | D:1      | Reached XP level 2. HP: 23/24 MP: 3/3
   107 | D:1      | Reached * piety under Lugonu
   596 | D:1      | Reached XP level 3. HP: 23/29 MP: 4/4
  1084 | D:2      | Reached XP level 4. HP: 28/37 MP: 6/6
  1731 | D:2      | Reached ** piety under Lugonu
  2499 | D:2      | Reached XP level 5. HP: 21/42 MP: 7/7
  2801 | D:3      | Noticed Ijyb
  2977 | D:3      | Killed Ijyb
  2977 | D:3      | Reached XP level 6. HP: 44/48 MP: 8/8
  2992 | D:3      | Found a sparkling altar of Nemelex Xobeh.
  2993 | D:3      | Found a blossoming altar of Fedhas.
  2993 | D:3      | Found a hazy altar of Hepliaklqana.
  3232 | D:3      | Found a stormy altar of Qazlal.
  3702 | D:3      | Reached *** piety under Lugonu
  3720 | D:3      | Found an ornate altar of the Wu Jian Council.
  3721 | D:3      | Found a snail-covered altar of Cheibriados.
  3902 | D:4      | Found Vablao's Gadget Shop.
  3925 | D:4      | Noticed an ogre
  3937 | D:4      | Killed an ogre
  3984 | D:4      | Noticed an ogre
  4174 | D:4      | Killed an ogre
  4174 | D:4      | Reached XP level 7. HP: 7/55 MP: 10/10
  4459 | D:4      | Noticed Natasha
  4464 | D:4      | Killed Natasha
  4619 | D:4      | Noticed Grinder
  4632 | D:4      | Killed Grinder
  4632 | D:4      | Reached skill level 5 in Fighting
  4939 | D:4      | Noticed Natasha
  4959 | D:4      | Killed Natasha
  5140 | D:4      | Reached skill level 5 in Invocations
  5140 | D:4      | Reached XP level 8. HP: 32/62 MP: 11/11
  5498 | D:4      | Noticed Natasha
  5508 | D:4      | Killed Natasha
  5650 | D:5      | Entered Level 5 of the Dungeon
  5806 | D:5      | Found a shadowy altar of Dithmenos.
  5950 | D:5      | Reached skill level 5 in Armour
  5951 | D:5      | Found a staircase to the Ecumenical Temple.
  6224 | D:5      | Reached **** piety under Lugonu
  6666 | D:5      | Reached skill level 5 in Maces & Flails
  7154 | D:6      | Reached XP level 9. HP: 30/69 MP: 13/13
  7653 | D:6      | Found a shattered altar of Ashenzari.
  7657 | D:6      | Saw a vision of the Swamp and the Snake Pit.
  7657 | D:6      | Noticed a shock serpent
  7657 | D:6      | Noticed a shock serpent
  7657 | D:6      | Noticed a mana viper
  7657 | D:6      | Noticed a salamander
  7657 | D:6      | Noticed a salamander
  7658 | D:6      | Noticed a mana viper
  7659 | D:6      | Noticed a hornet
  7659 | D:6      | Noticed a black mamba
  7814 | D:7      | Noticed Dowan
  7816 | D:7      | Noticed Duvessa
  8052 | D:6      | Killed Duvessa
  8060 | D:6      | Killed Dowan
  8665 | D:7      | Noticed a troll
  8924 | D:7      | Reached skill level 5 in Dodging
  9339 | D:7      | Reached ***** piety under Lugonu
  9589 | D:7      | Reached XP level 10. HP: 74/77 MP: 15/15
  9924 | D:7      | Found a deep blue altar of Sif Muna.
 10388 | D:7      | HP: 2/79 [killer bee (4)]
 10402 | D:7      | HP: 3/79 [poisoned by a killer bee]
 11361 | D:8      | Found a staircase to the Lair.
 11425 | D:8      | Noticed Erica
 11453 | D:8      | Killed Erica
 11476 | D:8      | HP: 4/80 [worker ant[a wight] (2)]
 11478 | D:8      | Slain by a worker ant

Skill      XL: |  1  2  3  4  5  6  7  8  9 10 |
---------------+-------------------------------+-----
Dodging        | 1 2 3 4 5 6 |  6.1
Invocations    | 3 4 5 6 7 8 |  8.3
Armour         | 3 4 5 6 7 |  7.6
Fighting       | 4 5 6 7 8 |  8.0
Maces & Flails | 3 4 5 6 7 |  7.0

Action                   |  1- 3 |  4- 6 |  7- 9 | 10-12 || total
-------------------------+-------+-------+-------+-------++-------
Melee: Mace              |    99 |   151 |   410 |   153 ||   813
Invok: Depart the Abyss  |     1 |       |       |       ||     1
       Banish            |       |       |       |     4 ||     4
 Abil: Dig               |     1 |     2 |    11 |     3 ||    17
  Use: Potion            |       |       |       |     7 ||     7
 Stab: Distracted        |       |       |     1 |       ||     1
  Eat: Chunk             |     1 |     9 |    14 |     3 ||    27
       Ration            |       |       |     2 |     1 ||     3
Armor: Leather armour    |    36 |    33 |     8 |       ||    77
       Chain mail        |       |       |   171 |   119 ||   290
Dodge: Dodged            |    84 |   125 |   183 |   132 ||   524
